 Dungeon Crawl Stone Soup version 0.23.2-40-g277498a001 (webtiles) character file.

Game seed: 5266451858919074102

144 FishyPogo the Firebug (level 5, 0/28 HPs)
             Began as a Tengu Fire Elementalist on Oct 5, 2019.
             Was a Follower of Zin.
             Slain by Pikel
             ... wielding a +0 whip of flaming
              (1 damage)
             ... on level 4 of the Dungeon.
             The game lasted 00:06:02 (2105 turns).

FishyPogo the Firebug (Tengu Fire Elementalist)     Turns: 2105, Time: 00:06:03

Health: 0/28       AC:  2    Str:  8    XL:     5   Next: 27%
Magic:  0/10       EV: 16    Int: 17    God:    Zin [*.....]
Gold:   141        SH:  0    Dex: 14    Spells: 6/9 levels left

rFire    . . .     SeeInvis .   o - +4 rapier
rCold    . . .     Gourm    .   (no shield)
rNeg     . . .     Faith    .   a - +0 robe
rPois    .         Spirit   .   (helmet restricted)
rElec    .         Reflect  .   (no cloak)
rCorr    .         Harm     .   (no gloves)
MR       .....                  (boots unavailable)
Stlth    ++........             (no amulet)
HPRegen  0.09/turn              (no ring)
MPRegen  0.12/turn              (no ring)

@: flying quickly and evasively, very slightly contaminated, quick
A: beak, talons 3, able to fly
a: Stop Flying, Recite, Donate Gold, Renounce Religion


You were on level 4 of the Dungeon.
You worshipped Zin.
Zin was aware of your devotion.
You were not hungry.

You visited 1 branch of the dungeon, and saw 4 of its levels.

You collected 156 gold pieces.
You donated 15 gold pieces to Zin.

Inventory:

Hand Weapons
 o - a +4 rapier (weapon)
Missiles
 h - 116 stones (quivered)
Armour
 a - a +0 robe (worn)
 t - a +0 buckler
Jewellery
 f - an uncursed amulet of the gourmand {unknown}
Scrolls
 b - 2 scrolls of teleportation {unknown}
 d - 3 scrolls of fog {unknown}
 g - 6 scrolls of identify {unknown}
 i - a scroll of fear {unknown}
 j - a scroll of random uselessness {unknown}
 m - 4 scrolls of blinking {unknown}
 r - a scroll of remove curse {unknown}
Potions
 e - 2 potions of heal wounds {unknown}
 l - a potion of haste {unknown}
 n - a potion of cancellation {unknown}
 p - a potion of mutation {unknown}
 s - a potion of lignification {unknown}
Comestibles
 c - 4 rations
 q - 2 chunks of flesh


   Skills:
 * Level 1.5 Short Blades
 - Level 3.0 Dodging
 + Level 2.6 Stealth
 + Level 2.6 Spellcasting
 * Level 3.6 Conjurations
 + Level 3.9 Fire Magic


You had 6 spell levels left.
You knew the following spells:

 Your Spells              Type           Power        Failure   Level  Hunger
a - Flame Tongue          Conj/Fire      ###..        3%          1    #......
b - Throw Flame           Conj/Fire      ###...       6%          2    ##.....

Your spell library contained the following spells:

 Spells                   Type           Power        Failure   Level  Hunger
 Conjure Flame            Conj/Fire      ###.....     12%         3    ###....
 Inner Flame              Hex/Fire       #.......     24%         3    ###....
 Sticky Flame             Conj/Fire      ###.....     36%         4    #####..
 Fireball                 Conj/Fire      ###.......   71%         5    ######.


Dungeon Overview and Level Annotations

Branches:
Dungeon (4/15)
 Temple: D:4-7

Altars:
Xom
Zin

Annotations:
D:4 Pikel


Innate Abilities, Weirdness & Mutations

You have a beak for a mouth.
You have claws for feet.
You can fly continuously.


Message History

Pikel is moderately wounded.
Pikel hits you with a +0 whip of flaming.
Pikel burns you.
Casting: Flame Tongue (safe; 3% risk of failure)
Confirm with . or Enter, or press ? or * to list all spells.
Aiming: Flame Tongue (safe; 3% risk of failure)
Press: ? - help, Shift-Dir - straight line, f/p - Pikel
Aim: Pikel, wielding a +0 whip of flaming and wearing a +0 robe (moderately wounded)
The flame tongue hits Pikel!
Pikel is heavily wounded.
Pikel hits you with a +0 whip of flaming.
* * * LOW HITPOINT WARNING * * *
Pikel burns you.
* * * LOW HITPOINT WARNING * * *
You hit Pikel but do no damage. You claw Pikel.
Pikel is severely wounded.
Pikel hits you with a +0 whip of flaming.
* * * LOW HITPOINT WARNING * * *
Pikel burns you.
You die...

***,,,,,,,,***,***.####*** *,*
,,,,*****,,,,,,**,,...,,,* *,*
,**** *,*****#,**#.#**,* *,* ,*
**+** #.* #<# *,* *,* ,* **,,,**
#.###.# *,* *,* ,* ***,,,,,**
*#....###.# *,, ,****,,,,,,,,**
##.....>.# ***
,,,,,,,,,,,,,,####p..#####******,
,,,,,≈≈,,,,,,,+.@Kpp......,,,,,,,
,,,≈≈≈≈≈,,,,,,####p..#####******,
,,,≈≈≈≈≈≈,,,,** ##..# **
,,,≈≈≈≈≈≈≈,,,* ##.# *
,,≈≈≈≈≈≈≈≈*,,* **.# *
*,≈≈≈≈≈≈≈≈≈,,* *,.# *
*,*≈≈≈≈≈≈,≈≈,******,## *
*,,,≈≈≈≈,,,,,,,,,**,* ***
*,,,≈≈≈,,,,,,***,**,* *,,


You could see Pikel and 4 slaves.

Vanquished Creatures
  A howler monkey (D:4)
  3 adders
  A gnoll (D:1)
  A worm (D:3)
  3 dart slugs (D:2)
  A leopard gecko (D:2)
  A giant cockroach (D:2)
  4 goblins
  6 hobgoblins
  14 jackals
  6 quokkas
  3 bats
  2 frilled lizards
  2 kobolds
  A leopard gecko zombie (D:2)
  4 rats
53 creatures vanquished.

Notes
Turn   | Place    | Note
-------+----------+-------------------------------------------
     0 | D:1      | FishyPogo the Tengu Fire Elementalist began the quest for
                  | the Orb.
     0 | D:1      | Reached XP level 1. HP: 10/10 MP: 4/4
   293 | D:1      | Reached XP level 2. HP: 15/15 MP: 1/6
   455 | D:1      | Reached XP level 3. HP: 19/19 MP: 3/7
   493 | D:1      | Learned a level 2 spell: Throw Flame
  1067 | D:2      | Reached XP level 4. HP: 24/24 MP: 1/8
  1378 | D:2      | Found a glowing silver altar of Zin.
  1391 | D:2      | Became a worshipper of Zin the Law-Giver
  1435 | D:3      | Reached * piety under Zin
  1536 | D:3      | Found a shimmering altar of Xom.
  1557 | D:3      | Reached skill level 1 in Short Blades
  2076 | D:4      | Gained mutation: You can fly continuously. [Tengu growth]
  2076 | D:4      | Reached XP level 5. HP: 26/28 MP: 5/10
  2087 | D:4      | Noticed Pikel
  2089 | D:4      | Noticed a slave
  2092 | D:4      | Noticed a slave
  2094 | D:4      | Noticed a slave
  2095 | D:4      | Noticed a slave
  2105 | D:4      | HP: 1/28 [Pikel/+0 whip of flaming (3)]
  2105 | D:4      | Slain by Pikel

Skill      XL: |  1  2  3  4 |
---------------+-------------+-----
Conjurations   | 2 3 |  3.6
Short Blades   | 1 |  1.5
Dodging        | 3 |  3.0
Stealth        | |  2.6
Spellcasting   | |  2.6
Fire Magic     | |  3.9

Action                   |  1- 3 |  4- 6 || total
-------------------------+-------+-------++-------
Melee: Unarmed           |    25 |       ||    25
       Kick              |     6 |     7 ||    13
       Peck              |     1 |     3 ||     4
       Rapier            |       |    34 ||    34
 Cast: Flame Tongue      |    49 |    22 ||    71
       Throw Flame       |       |     5 ||     5
 Abil: Fly               |       |     1 ||     1
  Use: Scroll            |       |     1 ||     1
 Stab: Sleeping          |       |     1 ||     1
  Eat: Chunk             |     1 |     4 ||     5
Armor: Robe              |     7 |     4 ||    11
Dodge: Dodged            |    28 |    18 ||    46
